 Dungeon Crawl Stone Soup version 0.31-a0-237-g2d982f9f85 (webtiles) character file.

Game seed: 6125939414419744251

102 qw the Shooter (level 4, -1/26 HPs)
             Began as a Gargoyle Hexslinger on July 10, 2023.
             Killed by divine providence
             ... invoked by an orc priest
              (15 damage)
             ... on level 3 of the Dungeon.
             The game lasted 00:00:52 (1484 turns).

qw the Shooter (Gargoyle Hexslinger)                Turns: 1484, Time: 00:00:53

Health: -1/26      AC:  8    Str: 12    XL:     4   Next: 77%
Magic:  5/5        EV: 10    Int: 13    God:
Gold:   68         SH:  0    Dex: 14    Spells: 4/5 levels left

rFire   . . .        Y - +1 sling
rCold   . . .        (no shield)
rNeg    + . .        e - +0 ring mail
rPois   inf          (no helmet)
rElec   +            (no cloak)
rCorr   .            (no gloves)
SInv    .            (no boots)
Will    .....        (no amulet)
Stlth   +            (no ring)
HPRegen 0.24/turn    (no ring)
MPRegen 0.09/turn

%: no passive effects
@: no status effects
A: sickness immunity, AC +3, negative energy resistance 1, electricity
resistance, torment resistance 1, petrification resistance
a: no special abilities


You were on level 3 of the Dungeon.
You visited 1 branch of the dungeon, and saw 3 of its levels.

You collected 68 gold pieces.


Innate Abilities, Weirdness & Mutations

You are immune to sickness and miasma.
Your stone body is resilient. (AC +3)
You are immune to poison.
You resist negative energy. (rN+)
You are resistant to electric shocks. (rElec)
You are resistant to unholy torment.
You are immune to petrification.


   Skills:
 - Level 2.0 Fighting
 + Level 4.3 Ranged Weapons
 - Level 1.1 Armour
 - Level 1.5 Dodging
 - Level 1.0 Spellcasting
 - Level 2.6 Hexes


You had 4 spell levels left.
You knew the following spells:

 Your Spells              Type           Power      Damage    Failure   Level
a - Slow                  Hex            28%        N/A       22%         1

Your spell library contained the following spells:

 Spells                   Type           Power      Damage    Failure   Level
 Inner Flame              Hex/Fire       4%         N/A       73%         3
 Portal Projectile        Hex/Tloc       8%         N/A       73%         3
 Cause Fear               Hex            3%         N/A       91%         4

Inventory:

Hand Weapons
 Y - a +1 sling (weapon)
Armour
 e - a +0 ring mail (worn)
Scrolls
 a - a scroll of enchant weapon {unknown}
 c - a scroll of teleportation
Potions
 d - a potion of heal wounds

Dungeon Overview and Level Annotations

Branches:
Dungeon (3/15)

Altars:
Yredelemnul

Annotations:
D:1 exclusion: 2 dart slugs


Message History

You shoot a sling bullet.
The sling bullet hits the jackal but does no damage.
The endoplasm jiggles.
An orc comes into view. It is wielding a +0 dagger.
You shoot a sling bullet. The sling bullet hits the jackal!
You kill the jackal!
You shoot a sling bullet.
The sling bullet closely misses the orc priest.
An orc comes into view. It is wielding a +0 mace.
You shoot a sling bullet.
The sling bullet hits the orc priest but does no damage.
An adder comes into view.
A jackal comes into view.
The orc priest calls down the wrath of Beogh upon you.
Pain shoots through your body!
You shoot a sling bullet. The jackal barks!
The adder hisses angrily.
The sling bullet hits the orc priest.
The orc priest is moderately wounded.
The orc priest hits you but does no damage.
You shoot a sling bullet. The sling bullet hits the orc priest.
The orc priest is heavily wounded.
A jackal comes into view.
The endoplasm barely misses you. The orc priest completely misses you.
The jackal moves out of view.
You shoot a sling bullet.
The sling bullet hits the orc priest but does no damage.
The orc priest is heavily wounded.
An orc comes into view. It is wielding a +0 dagger.
The endoplasm misses you.
The orc priest hits you with a +1 morningstar of protection!
You shoot a sling bullet.
The sling bullet closely misses the orc priest.
The orc shouts!
The sling bullet hits the jackal.
The jackal is moderately wounded.
The endoplasm hits you.
The orc priest mumbles some strange prayers to Beogh against you.
Beogh smites you!
Ouch! That really hurt!
You die...

###.#.# ######## ......
........ #.#.## ###
###..
#####...###.######.#
#...................
#.###...#.#.........
#.###.####.###...######.
.....SJ..#.# ##.## #.
>....ho@.%.# #.# ##
....oo##.### #<# # .....
#.# ..# #### .... #.#
### #... ... #.# #.## ..
#.# # o #.# ..# ...


You could see an orc priest, an adder, 3 orcs, an endoplasm and a jackal.

Vanquished Creatures
  A hound zombie (D:3)
  3 adders
  An adder zombie (D:3)
  A dart slug (D:1)
  An orc (D:2)
  3 bats
  2 endoplasms
  A giant cockroach (D:2)
  2 goblins (D:1)
  4 hobgoblins
  9 jackals
  2 quokkas
  6 ball pythons
  A ball python zombie (D:3)
  2 frilled lizards
  A giant cockroach zombie (D:3)
  6 kobolds
  5 rats
  A spectral goblin (D:2)
52 creatures vanquished.

Notes
Turn   | Place    | Note
-------+----------+-------------------------------------------
     0 | D:1      | qw the Gargoyle Hexslinger began the quest for the Orb.
     0 | D:1      | Reached XP level 1. HP: 12/12 MP: 2/2
     0 | D:1      | 0 ||| qw: Version: 0.3-a-52-g30416fa
     0 | D:1      | 0 ||| qw: Game counter: 5096
     0 | D:1      | 0 ||| qw: Melee chars always use a shield: true
     0 | D:1      | 0 ||| qw: God list: Okawaru
     0 | D:1      | 0 ||| qw: Allow faded altars: false
     0 | D:1      | 0 ||| qw: Do Orc after clearing Dungeon:15 true
     0 | D:1      | 0 ||| qw: Do second Lair branch before Depths: true
     0 | D:1      | 0 ||| qw: Lair rune preference: random
     0 | D:1      | 0 ||| qw: Goals: Normal
     0 | D:1      | 0 ||| PLANNING D:1-11
     7 | D:1      | 7 ||| FLEEEEING.
     9 | D:1      | 9 ||| FLEEEEING.
    10 | D:1      | 10 ||| FLEEEEING.
    11 | D:1      | 11 ||| FLEEEEING.
    13 | D:1      | 13 ||| DROPPING scroll of poison.
    73 | D:1      | Reached XP level 2. HP: 15/16 MP: 3/3
   169 | D:1      | Reached skill level 3 in Ranged Weapons
   380 | D:1      | Reached XP level 3. HP: 21/21 MP: 4/4
   479 | D:1      | 479 ||| UPGRADING to +0 leather armour.
   489 | D:1      | 489 ||| DROPPING +0 robe.
   490 | D:1      | 490 ||| UPGRADING to +0 ring mail.
   500 | D:1      | 500 ||| DROPPING +0 leather armour.
   501 | D:1      | 501 ||| READING scroll labelled KURABR VIASOKHLI.
   504 | D:1      | 504 ||| READING scroll labelled DUROITU YLAINU.
   538 | D:2      | 538 ||| STAIRDANCE
   842 | D:2      | Found a faded altar of an unknown god.
   843 | D:2      | 843 ||| Stepping ~*~*~tactically~*~*~ (water).
   890 | D:2      | Reached XP level 4. HP: 24/26 MP: 5/5
   998 | D:2      | Reached skill level 4 in Ranged Weapons
  1289 | D:2      | 1289 ||| READING scroll labelled CAINNEOQIT.
  1290 | D:2      | 1290 ||| DRINKING 2 ruby potions.
  1291 | D:2      | 1291 ||| DRINKING 2 viscous white potions.
  1292 | D:2      | 1292 ||| DROPPING potion of invisibility.
  1391 | D:3      | Found a basalt altar of Yredelemnul.
  1426 | D:3      | Reached skill level 1 in Armour
  1475 | D:3      | 1475 ||| Stepping ~*~*~tactically~*~*~ (outnumbered).
  1484 | D:3      | Killed from afar by an orc priest

Levels and vault maps discovered:
D:1:      scummos_arrival_simple_crosswalls, layout_rooms
D:2:      minmay_evil_eye, layout_loops_ring,
          dreamdust_ecumenical_altar_drowned_temple
D:3:      layout_loops_ring, mainiacjoe_overflow_boulevard,
          nicolae_yredelemnul_corpse_copse, st_stairs_4

Skill      XL: |  1  2  3  4 |
---------------+-------------+-----
Ranged Weapons | 3 4 |  4.3
Fighting       | 2 |  2.0
Armour         | 1 |  1.1
Dodging        | |  1.5
Spellcasting   | |  1.0
Hexes          | |  2.6

Action                     |  1- 3 |  4- 6 || total
---------------------------+-------+-------++-------
   Fire: Sling             |   142 |    61 ||   203
    Use: Scroll            |     2 |     1 ||     3
         Potion            |       |     2 ||     2
 Armour: Robe              |     8 |       ||     8
         Ring mail         |    46 |    29 ||    75
  Dodge: Dodged            |    69 |    30 ||    99

Table legend:
 A = Non-vault XP
 B = Vault XP
 C = Vault XP percentage of total XP
 D = Non-vault monster count
 E = Vault monster count
 F = Vault count percentage of total count
                 A         B        C        D         E       F
            +---------+---------+-------+---------+---------+-------
      Total |      97 |      49 |  33.6 |      43 |       9 |  17.3
            +---------+---------+-------+---------+---------+-------
        D:1 |      50 |       0 |   0.0 |      23 |       0 |   0.0
        D:2 |      42 |      21 |  33.3 |      17 |       5 |  22.7
        D:3 |       5 |      28 |  84.8 |       3 |       4 |  57.1
            +---------+---------+-------+---------+---------+-------
